 Dungeon Crawl Stone Soup version 0.21.1-1-g345015fe64 (webtiles) character file.

15552 Jannitor the Covert (level 12, -2/91 HPs)
             Began as a Demonspawn Earth Elementalist on Mar 25, 2018.
             Slain by a komodo dragon (42 damage)
             ... on level 12 of the Dungeon on Mar 26, 2018.
             The game lasted 00:41:50 (12500 turns).

Jannitor the Covert (DsEE)                         Turns: 12500, Time: 00:41:50

Health: -2/91      AC: 13    Str: 12    XL:     12   Next: 2%
Magic:  15/19      EV: 13    Int: 17    God:    Xom [*.....]
Gold:   694        SH:  0    Dex: 15    Spells: 7/21 levels left

rFire    . . .     SeeInvis .   R - +7 dagger "Vegaan" {drain, *Slow +Inv rF- Stlth+}
rCold    + . .     Gourm    +   (no shield)
rNeg     . . .     Faith    .   J - +3 leather armour {MR+}
rPois    .         Spirit   .   (helmet restricted)
rElec    .         Reflect  .   (no cloak)
rCorr    .         Harm     .   v - +0 pair of gloves
MR       ++...                  X - +2 pair of boots
Stlth    +++++.....             T - amulet of the gourmand
HPRegen  0.65/turn              G - ring of protection from magic
MPRegen  0.16/turn              E - ring of protection from cold

@: drained
A: horns 2, talons 1, molten scales 2, demonic guardian 1, fire resistance 1,
regeneration 1, robust 1, flame cloud immunity
a: Renounce Religion, Evoke Invisibility


You were on level 12 of the Dungeon.
You worshipped Xom.
You were a special plaything of Xom.
You were not hungry.

You visited 2 branches of the dungeon, and saw 13 of its levels.

You collected 694 gold pieces.

Inventory:

Hand Weapons
 a - a +0 dagger
 t - a +3 dagger of electrocution
 R - the +7 dagger "Vegaan" (weapon) {drain, *Slow +Inv rF- Stlth+}
   (Xom gifted it to you on level 10 of the Dungeon)

   A truly terrible weapon, it drains the life of those it strikes.
   It makes you vulnerable to fire.
   It lets you turn invisible.
   It may slow you when you take damage.
   It makes you more stealthy.
Missiles
 b - 184 stones (quivered)
 V - 69 arrows
Armour
 v - a +0 pair of gloves (worn)
 J - a +3 leather armour of magic resistance (worn)
 X - a +2 pair of boots (worn)
Jewellery
 q - a cursed ring of teleportation {unknown}
 w - an uncursed ring of stealth
 D - an uncursed amulet of guardian spirit
 E - a ring of protection from cold (right hand)
 G - a ring of protection from magic (left hand)
 M - a +2 ring of protection {unknown}
 O - a +3 ring of protection {unknown}
 P - a +4 ring of strength {unknown}
 Q - an uncursed ring of see invisible {unknown}
 S - an uncursed ring of see invisible {unknown}
 T - an amulet of the gourmand (around neck)
Wands
 n - a wand of random effects (40)
 u - a wand of iceblast (16)
 B - a wand of acid (27)
 C - a wand of enslavement (18)
 K - a wand of flame (21)
 U - a wand of paralysis (10)
Scrolls
 c - a scroll of fear
 g - 2 scrolls of immolation
 i - 2 scrolls of remove curse
 p - 2 scrolls of fog
 r - a scroll of random uselessness
 x - 2 scrolls of blinking
 y - 2 scrolls of enchant armour
 z - a scroll of amnesia
 A - 3 scrolls of teleportation
 F - 5 scrolls of identify
 H - 2 scrolls of enchant weapon
Potions
 h - a potion of magic
 j - 6 potions of might
 k - 4 potions of flight
 l - a potion of cancellation
 m - 3 potions of lignification
 o - a potion of invisibility
 s - 5 potions of curing
 L - 2 potions of haste
 N - a potion of heal wounds
Books
 e - a book of Geomancy

   Spells                             Type                      Level
   a - Sandblast                      Earth                        1
   b - Passwall                       Transmutation/Earth          2
   c - Stone Arrow                    Conjuration/Earth            3
   d - Petrify                        Transmutation/Earth          4
   e - Lee's Rapid Deconstruction     Earth                        5
 f - a book of Misfortune

   Spells                             Type                      Level
   a - Confusing Touch                Hexes                        1
   b - Confuse                        Hexes                        3
   c - Gell's Gravitas                Translocation                3
   d - Petrify                        Transmutation/Earth          4
   e - Metabolic Englaciation         Hexes/Ice                    5
   f - Yara's Violent Unravelling     Hexes/Transmutation          5
 I - a book of Changes

   Spells                             Type                      Level
   a - Beastly Appendage              Transmutation                1
   b - Sticks to Snakes               Transmutation                2
   c - Spider Form                    Transmutation/Poison         3
   d - Ice Form                       Ice/Transmutation            4
   e - Blade Hands                    Transmutation                5
Miscellaneous
 W - a box of beasts
Comestibles
 d - 16 rations


   Skills:
 + Level 3.8(3.1) Fighting
 + Level 7.5(6.6) Short Blades
 - Level 4.1(3.3) Armour
 + Level 4.0(3.2) Dodging
 + Level 8.9(8.0) Stealth
 + Level 5.1(4.3) Spellcasting
 - Level 5.2(4.4) Transmutations
 + Level 8.6(7.7) Earth Magic
 + Level 7.4(6.5) Evocations


You had 7 spell levels left.
You knew the following spells:

 Your Spells              Type           Power        Failure   Level  Hunger
a - Sandblast             Erth           ####..       1%          1    None
b - Passwall              Tmut/Erth      ###.......   2%          2    ##.....
c - Petrify               Tmut/Erth      ###.....     16%         4    ####...
d - Sticks to Snakes      Tmut           ###.....     4%          2    ##.....
e - Lee's Rapid Deconstr  Erth           ####......   22%         5    ######.


Dungeon Overview and Level Annotations

Branches:
Dungeon (12/15)            Temple (1/1) D:7            Lair (0/6) D:9
    Orc (0/2) D:12

Altars:
Ashenzari
Cheibriados
Dithmenos
Elyvilon
Fedhas
Gozag
Hepliaklqana
Kikubaaqudgha
Makhleb
Nemelex Xobeh
Okawaru
Qazlal
Ru
Sif Muna
Trog
Uskayaw
Vehumet
Wu Jian
Xom
Yredelemnul
Zin
The Shining One

Shops:
D:5 [   D:7 =


Innate Abilities, Weirdness & Mutations

You have a pair of horns on your head.
You are mostly covered in molten scales. (AC +3)
A weak demonic guardian rushes to your aid.
Your flesh is heat resistant. (rF+)
You are immune to clouds of flame.
You have sharp toenails.
Your natural rate of healing is unusually fast.
You are robust. (+10% HP)


Message History

The deep elf mage hits you but does no damage.
Something bites you!!
Your ufetubus misses the deep elf mage.
Your ufetubus barely misses the deep elf mage.
The deep elf mage casts a spell at you. The bolt of lightning hits you!
* * * LOW HITPOINT WARNING * * *
Something bites you!
* * * LOW HITPOINT WARNING * * *
Unknown command.
You feel much better.
You feel yourself speed up.
Your ufetubus closely misses the deep elf mage.
Your ufetubus barely misses the deep elf mage.
The deep elf mage hits you but does no damage.
Something bites you but does no damage.
Your ufetubus closely misses the deep elf mage.
Your ufetubus misses the deep elf mage. The deep elf mage closely misses you.
Something bites you!!!
You die...
Xom titters!

.........................
.........................
#..................##....
#.....#...........###......
.....####....##.....# ...
...### #............# ....
..<# #........5...###...O
#### #................#..
##.......@e.........
#......5##5........
##÷....##..........
##.....#.......#...
#.....##...........
#.....#...)%.......
#.....#............
#######............
#...§........


You could see a deep elf mage, a friendly iron imp, a friendly white imp
(wandering) and a friendly ufetubus.

Vanquished Creatures
  The ghost of Gitz the Cleaver, a journeyman MiFi of Okawaru (D:11)
  3 two-headed ogres
  Sonja (D:12)
  An orange crystal statue (D:10)
  A cyclops (D:12)
  Joseph (D:10)
  A merfolk (D:9)
  2 trolls
  A hornet (D:11)
  2 hippogriffs
  The ghost of KleinerIrrer the Chiller, an amateur OpWn (D:5)
  A wyvern (D:9)
  4 yaks
  Eustachio (D:4)
  2 hungry ghosts
  3 porcupines (D:9)
  2 ice beasts
  7 orc warriors
  4 sky beasts
  A black bear (D:12)
  A hornet zombie (D:11)
  An eye of draining (D:11)
  A centaur (D:12)
  4 ogres
  A crocodile (D:10)
  2 big kobolds (D:11)
  2 gnoll sergeants (D:9)
  9 bullfrogs
  2 scorpions
  A killer bee (D:9)
  7 wights
  8 howler monkeys
  4 crimson imps
  3 bullfrog zombies
  2 quasits
  An orc priest (D:6)
  5 jellies
  2 bullfrog skeletons
  9 hounds
  5 orc wizards
  2 centaur skeletons
  Jessica (D:3)
  4 iguanas
  Ijyb (D:3)
  Natasha (thrice) (D:2)
  10 worker ants
  A hound skeleton (D:4)
  6 gnolls (D:9)
  A howler monkey skeleton (D:9)
  9 adders
  A shadow imp (D:8)
  An adder zombie (D:5)
  2 adder skeletons
  3 worms
  A dart slug (D:1)
  5 leopard geckos
  32 orcs
  A ball python (D:1)
  9 bats
  8 giant cockroaches
  3 goblins
  9 hobgoblins
  5 jackals
  14 kobolds
  4 quokkas
  5 frilled lizards
  8 rats
  2 fungi (D:9)
  A plant (D:9)
262 creatures vanquished.

Vanquished Creatures (collateral kills)
  Gastronok (D:8)
  A two-headed ogre (D:9)
  3 centaur zombies
  2 yaks (D:10)
  A hungry ghost (D:12)
  Edmund (D:6)
  A porcupine (D:9)
  An orc warrior (D:6)
  2 necrophages
  A bullfrog (D:9)
  A crimson imp (D:9)
  A jelly (D:12)
  2 orc priests
  A worker ant (D:6)
  A worm (D:6)
  A leopard gecko (D:11)
  2 orcs
  A giant cockroach (D:3)
  A quokka (D:6)
25 creatures vanquished.

Vanquished Creatures (others)
  An orc (D:9)
  39 fungi (D:9)
  18 plants (D:9)
58 creatures vanquished.

Grand Total: 345 creatures vanquished

Notes
Turn   | Place    | Note
-------+----------+-------------------------------------------
     0 | D:1      | Jannitor the Demonspawn Earth Elementalist began the quest for the Orb.
     0 | D:1      | Reached XP level 1. HP: 13/13 MP: 3/3
   215 | D:1      | Gained mutation: Your flesh is heat resistant. (rF+) [demonic ancestry]
   215 | D:1      | Reached XP level 2. HP: 19/19 MP: 1/5
   916 | D:1      | Gained mutation: You are partially covered in molten scales. (AC +2) [demonic ancestry]
   916 | D:1      | Reached XP level 3. HP: 23/24 MP: 6/6
  1097 | D:2      | Learned a level 2 spell: Passwall
  1109 | D:2      | Noticed Natasha
  1145 | D:2      | Killed Natasha
  1379 | D:2      | Noticed Natasha
  1454 | D:2      | Killed Natasha
  1454 | D:2      | Reached XP level 4. HP: 30/30 MP: 2/7
  1603 | D:2      | Noticed Natasha
  1613 | D:2      | Killed Natasha
  1613 | D:2      | Reached skill level 1 in Short Blades
  2064 | D:3      | Found a blossoming altar of Fedhas.
  2228 | D:3      | Noticed Jessica
  2234 | D:3      | Killed Jessica
  2234 | D:3      | Gained mutation: A weak demonic guardian rushes to your aid. [demonic ancestry]
  2234 | D:3      | Reached XP level 5. HP: 34/35 MP: 3/8
  2300 | D:3      | Noticed Ijyb
  2311 | D:3      | Killed Ijyb
  3099 | D:4      | Reached XP level 6. HP: 41/41 MP: 9/9
  3323 | D:4      | Learned a level 4 spell: Petrify
  3357 | D:4      | Noticed Eustachio
  3362 | D:4      | Killed Eustachio
  3362 | D:4      | Reached skill level 1 in Transmutations
  3517 | D:4      | Reached skill level 5 in Earth Magic
  3518 | D:4      | Gained mutation: You are mostly covered in molten scales. (AC +3) [demonic ancestry]
  3518 | D:4      | Reached XP level 7. HP: 46/46 MP: 5/10
  3668 | D:5      | Entered Level 5 of the Dungeon
  3703 | D:5      | Found Vaariul's Antique Armour Shop.
  3833 | D:5      | Reached skill level 1 in Evocations
  4358 | D:5      | Reached skill level 5 in Stealth
  4365 | D:5      | Reached XP level 8. HP: 45/52 MP: 8/11
  4521 | D:5      | Noticed KleinerIrrer's ghost (amateur OpWn)
  4534 | D:5      | Killed KleinerIrrer's ghost
  4646 | D:5      | Noticed a hippogriff
  4654 | D:5      | Killed a hippogriff
  5044 | D:6      | Noticed Edmund
  5060 | D:6      | Killed Edmund
  5083 | D:6      | Found an opulent altar of Gozag.
  5476 | D:6      | Found a glowing golden altar of the Shining One.
  5535 | D:6      | Gained mutation: You have a pair of small horns on your head. [demonic ancestry]
  5535 | D:6      | Reached XP level 9. HP: 57/57 MP: 12/12
  5935 | D:6      | Found a hazy altar of Hepliaklqana.
  5970 | D:6      | Found a radiant altar of Vehumet.
  6210 | D:7      | Reached skill level 5 in Short Blades
  6210 | D:7      | Reached skill level 1 in Armour
  6235 | D:7      | Found a staircase to the Ecumenical Temple.
  6247 | Temple   | Entered the Ecumenical Temple
  6494 | Temple   | Became a worshipper of Xom the Less-Predictable
  7003 | D:7      | Found Loagaazu's Jewellery Shop.
  7113 | D:7      | XOM is BORED!
  7113 | D:7      | XOM: medium Necr miscast
  7233 | D:7      | Found an ancient bone altar of Kikubaaqudgha.
  7403 | D:8      | XOM: noise
  7682 | D:8      | XOM: noise
  7762 | D:8      | XOM: enchant monster (bad)
  7770 | D:8      | Noticed Gastronok
  7968 | D:8      | Killed Gastronok
  7968 | D:8      | Reached skill level 5 in Transmutations
  7968 | D:8      | Reached skill level 5 in Evocations
  7968 | D:8      | Gained mutation: You are immune to clouds of flame. [demonic ancestry]
  7968 | D:8      | Reached XP level 10. HP: 58/63 MP: 11/13
  8077 | D:8      | XOM: give mutation
  8077 | D:8      | Gained mutation: Your natural rate of healing is unusually fast. [Xom's grace]
  8455 | D:9      | Found a shadowy altar of Dithmenos.
  8457 | D:9      | Found a burning altar of Makhleb.
  8631 | D:9      | XOM: polymorph iguana -> killer bee
  8643 | D:9      | XOM: smoke on damage
  8687 | D:9      | Found a staircase to the Lair.
  8693 | D:9      | XOM: blink monster(s)
  8696 | D:9      | XOM: enchant monster (bad)
  8705 | D:9      | Noticed a two-headed ogre
  8706 | D:9      | XOM: confuse monster(s)
  8728 | D:9      | XOM: harmless Summ miscast
  8882 | D:9      | Found an ancient bone altar of Kikubaaqudgha.
  8931 | D:9      | XOM: 4-stop teleportation journey
  8938 | D:9      | XOM: harmless Necr miscast
  8958 | D:9      | Noticed a two-headed ogre
  8967 | D:9      | XOM: summons 4 friendly demons
  8968 | D:9      | XOM: summons 1 friendly demon
  8987 | D:9      | XOM: potion effect (agility)
  8988 | D:9      | XOM: confuse monster(s)
  8991 | D:9      | XOM: silly message
  9113 | D:9      | XOM: potion effect (haste)
  9208 | D:9      | XOM: mild Tmut miscast
  9303 | D:10     | Entered Level 10 of the Dungeon
  9320 | D:10     | XOM: divination: magic mapping
  9425 | D:10     | Noticed a two-headed ogre
  9442 | D:10     | Killed a two-headed ogre
  9649 | D:9      | XOM: cast spell 'Summon Small Mammal'
  9708 | D:10     | Learned a level 2 spell: Sticks to Snakes
  9729 | D:10     | Learned a level 5 spell: Lee's Rapid Deconstruction
  9736 | D:10     | XOM: mild Hex miscast
  9761 | D:10     | XOM: harmless Fire miscast
  9763 | D:10     | XOM: summons 9 friendly demons
  9786 | D:10     | XOM: confuse monster(s)
  9824 | D:10     | Reached XP level 11. HP: 49/69 MP: 7/16
  9892 | D:10     | Reached skill level 1 in Fighting
  9973 | D:10     | Noticed an orange crystal statue
  9979 | D:10     | XOM: divination: detect items
  9980 | D:10     | XOM: fake destruction
  9983 | D:10     | XOM: summons friendly quasit
 10153 | D:10     | You fall through a shaft!
 10175 | D:11     | XOM: cloud trail
 10205 | D:11     | Noticed Gitz's ghost (journeyman MiFi)
 10214 | D:11     | XOM: confuse monster(s)
 10225 | D:11     | Killed Gitz's ghost
 10783 | D:11     | Noticed a two-headed ogre
 10791 | D:11     | Killed a two-headed ogre
 10849 | D:11     | XOM: give mutations
 10849 | D:11     | Gained mutation: You have sharp toenails. [Xom's grace]
 10849 | D:11     | Gained mutation: You are robust. (+10% HP) [Xom's grace]
 10990 | D:10     | XOM: god gift: warped dagger {god gift}
 10991 | D:10     | Got a warped dagger {god gift}
 10992 | D:10     | Identified the +7 dagger "Vegaan" {drain, *Slow +Inv rF- Stlth+} (Xom gifted it to you on level 10 of the Dungeon)
 10998 | D:10     | XOM: scenery: create altars
 11094 | D:10     | Noticed Joseph
 11111 | D:10     | Killed Joseph
 11204 | D:10     | Killed an orange crystal statue
 11430 | D:9      | XOM: summons friendly white imp
 11433 | D:9      | Killed a two-headed ogre
 11526 | D:9      | Killed a two-headed ogre
 11816 | D:9      | XOM: cloud trail
 11841 | D:11     | XOM: scenery: create altars
 11865 | D:12     | Found a staircase to the Orcish Mines.
 11929 | D:12     | XOM: summons friendly chaos spawn
 12159 | D:12     | XOM: medium Erth miscast
 12224 | D:12     | XOM: swap monsters
 12263 | D:12     | Noticed Sonja
 12268 | D:12     | XOM: enchant monster (bad)
 12272 | D:12     | Killed Sonja
 12272 | D:12     | Reached skill level 5 in Spellcasting
 12488 | D:12     | Noticed a deep elf mage
 12488 | D:12     | XOM: chaos cloud
 12490 | D:12     | XOM: polymorph iron imp -> white imp
 12492 | D:12     | Gained mutation: You have a pair of horns on your head. [demonic ancestry]
 12492 | D:12     | Reached XP level 12. HP: 85/91 MP: 19/19
 12495 | D:12     | Noticed a two-headed ogre
 12500 | D:12     | Slain by a komodo dragon

Skill      XL: |  1  2  3  4  5  6  7  8  9 10 11 |
---------------+----------------------------------+-----
Earth Magic    | 3 4 5 6 7 8 |  8.6
Stealth        | 2 3 4 5 6 7 8 |  8.9
Short Blades   | 1 2 3 4 5 6 7 |  7.5
Transmutations | 1 2 4 5 |  5.2
Evocations     | 2 3 5 6 7 |  7.4
Armour         | 3 4 |  4.1
Spellcasting   | 3 5 |  5.1
Dodging        | 2 4 |  4.0
Fighting       | 3 |  3.8

Action                   |  1- 3 |  4- 6 |  7- 9 | 10-12 || total
-------------------------+-------+-------+-------+-------++-------
Melee: Dagger            |    68 |   121 |   220 |   464 ||   873
       Headbutt          |       |       |    20 |    78 ||    98
       Kick              |       |       |       |    19 ||    19
 Cast: Sandblast         |    35 |    50 |    25 |    32 ||   142
       Passwall          |       |       |     3 |       ||     3
       Petrify           |       |       |     1 |    30 ||    31
       Lee's Rapid Decon |       |       |       |     3 ||     3
Evoke: Wand              |       |     1 |    13 |     4 ||    18
  Use: Scroll            |       |     5 |     1 |    17 ||    23
       Potion            |       |       |     1 |     2 ||     3
 Stab: Sleeping          |     4 |     6 |    21 |    10 ||    41
       Distracted        |       |     1 |     1 |     6 ||     8
       Petrified         |       |       |     2 |    12 ||    14
       Petrifying        |       |       |     2 |     7 ||     9
       Confused          |       |       |       |     4 ||     4
       Paralysed         |       |       |       |     1 ||     1
  Eat: Chunk             |     2 |     7 |     9 |    24 ||    42
       Ration            |       |       |     2 |     3 ||     5
Armor: Robe              |    23 |    40 |    23 |       ||    86
       Leather armour    |       |       |    18 |   154 ||   172
Dodge: Dodged            |    51 |   115 |   116 |   216 ||   498
